AoeStats
← javyvalentino

Coastal Forest

503750609Analyzed
3v3 RM · 1mo ago on Sep 2, 2026· 60m 2s· 6 players
Game mode
Random Map
Map size
Normal (6 player)
Population
200
Speed
Normal
Resources
Standard
Victory
Conquest
Starting age
Dark Age
Ending age
Imperial Age
RankedLock teamsTeams togetherTeam positionsShared explorationLock speedFull tech treeHidden civsTurbo modeCheats
Victory
Defeat
🇨🇴 Khmer · Colombia
709
+14
🇧🇷 Chinese · Brazil
643
+17
🇨🇱 Spanish · Chile
601
+19
🇺🇸 Mongols · United States
699
-18
🇺🇸 Huns · United States
683
-17
🇲🇽 Persians · Mexico
608
-14
NoobForever
0:50 Loom
11:20 Feudal Age
21:47 Castle Age
23:08 Stone Mining
23:09 Gold Mining
23:06 Double-Bit Axe
25:13 Fletching
25:23 Padded Archer Armor
31:59 Ballistics
32:27 Bow Saw
33:12 Caravan
33:43 Bodkin Arrow
34:51 Leather Archer Armor
37:55 Thumb Ring
40:37 Gold Shaft Mining
40:37 Stone Shaft Mining
40:55 Murder Holes
44:08 Stone Shaft Mining
43:18 Horse Collar
44:12 Heavy Plow
48:42 Imperial Age
46:48 Wheelbarrow
48:02 Fervor
48:12 Sanctity
49:53 Ring Archer Armor
49:23 Bracer
50:32 Chemistry
49:23 Capped Ram
51:07 Conscription
54:50 Theocracy
54:02 Siege Ram
57:48 Elite Chu Ko Nu
acardonahenao99
7:05 Loom
13:21 Feudal Age
18:42 Double-Bit Axe
22:30 Castle Age
23:52 Bow Saw
24:04 Pikeman
24:39 Town Watch
27:31 Wheelbarrow
31:27 Bloodlines
31:18 Husbandry
31:59 Horse Collar
33:36 Scale Barding Armor
33:43 Forging
34:27 Murder Holes
34:53 Ballistics
34:44 Masonry
37:07 Hand Cart
37:03 Arson
40:22 Gold Mining
40:29 Stone Mining
43:50 Imperial Age
43:45 Town Patrol
44:24 Chain Barding Armor
44:05 Scale Mail Armor
44:41 Iron Casting
43:56 Fletching
45:05 Gold Shaft Mining
45:07 Stone Shaft Mining
44:36 Heavy Plow
46:51 Conscription
47:10 Elite Ballista Elephant
48:12 Conscription
49:33 Chemistry
48:39 Siege Engineers
52:05 Double Crossbow
52:10 Tusk Swords
53:56 Halberdier
55:08 Architecture
57:02 Plate Barding Armor
57:29 Blast Furnace
57:34 Caravan
javyvalentino
0:42 Loom
11:59 Feudal Age
12:31 Town Watch
13:22 Wheelbarrow
24:00 Castle Age
22:00 Stone Mining
22:01 Gold Mining
22:03 Horse Collar
25:02 Town Patrol
27:17 Stone Shaft Mining
35:37 Imperial Age
34:53 Hand Cart
35:36 Ballistics
35:12 Murder Holes
37:20 Double-Bit Axe
37:37 Heavy Plow
39:03 Bow Saw
41:59 Elite Conquistador
43:18 Hoardings
44:58 Fletching
45:09 Padded Archer Armor
47:18 Chemistry
46:30 Masonry
46:22 Bodkin Arrow
46:43 Leather Archer Armor
46:41 Squires
46:01 Pikeman
46:48 Thumb Ring
47:12 Conscription
50:09 Fishing Lines
50:39 Bracer
51:10 Ring Archer Armor
50:45 Scale Barding Armor
51:37 Architecture
51:21 Forging
53:52 Bombard Tower
53:43 Fortified Wall
53:37 Scale Mail Armor
53:59 Chain Barding Armor
54:36 Gambesons
54:11 Halberdier
55:24 Arson
58:06 Iron Casting
57:46 Chain Mail Armor
58:07 Plate Barding Armor
57:27 Gillnets
57:43 Caravan
60:37 Blast Furnace
felix
2:48 Loom
13:29 Feudal Age
14:47 Wheelbarrow
13:59 Double-Bit Axe
13:56 Horse Collar
14:16 Town Watch
23:37 Castle Age
24:24 Caravan
24:47 Hand Cart
24:34 Heavy Plow
24:45 Bow Saw
24:38 Town Patrol
24:38 Gold Mining
24:38 Stone Mining
25:21 Pikeman
25:41 Elite Skirmisher
26:26 Husbandry
26:14 Light Cavalry
27:38 Bloodlines
39:02 Imperial Age
38:00 Gold Shaft Mining
37:35 Squires
37:21 Arson
37:40 Fletching
37:50 Padded Archer Armor
41:02 Two-Man Saw
39:29 Hussar
40:46 Parthian Tactics
39:46 Halberdier
40:44 Thumb Ring
41:11 Marauders
41:32 Atheism
41:33 Conscription
41:46 Heavy Cavalry Archer
42:45 Scale Barding Armor
42:44 Scale Mail Armor
Tosko9760
0:37 Loom
11:19 Feudal Age
13:22 Wheelbarrow
16:29 Double-Bit Axe
16:52 Town Watch
28:58 Castle Age
28:37 Horse Collar
30:51 Hand Cart
30:37 Town Patrol
31:00 Bow Saw
35:59 Imperial Age
37:15 Husbandry
37:31 Fishing Lines
38:15 Gillnets
38:32 Murder Holes
38:59 Ballistics
40:53 Gold Mining
40:53 Stone Mining
42:07 Two-Man Saw
41:11 Heavy Plow
43:12 Forging
42:52 Fletching
43:03 Padded Archer Armor
43:04 Scale Mail Armor
43:09 Scale Barding Armor
43:28 Conscription
43:09 Kamandaran
43:52 Bloodlines
44:02 Cavalier
47:17 Gold Shaft Mining
47:17 Stone Shaft Mining
47:43 Light Cavalry
48:35 Caravan
49:53 Savar
52:24 Pikeman
53:05 Squires
52:52 Gambesons
52:54 Arson
54:14 Medium Warships
55:32 Crossbowman
BVMandelbones
13:03 Feudal Age
14:31 Double-Bit Axe
15:00 Bloodlines
23:26 Castle Age
23:46 Crossbowman
25:28 Bow Saw
25:01 Horse Collar
25:52 Padded Archer Armor
25:42 Fletching
26:41 Husbandry
26:40 Elite Skirmisher
40:49 Imperial Age
38:40 Pikeman
42:45 Chemistry
41:13 Capped Ram
43:22 Squires
43:11 Cavalier
46:56 Elite Mangudai
53:16 Thumb Ring
Connection lost

Rejoining the realm…

Still unreachable

The connection could not be restored.

Session expired

The server has moved on; the page needs a fresh start.